 Dungeon Crawl Stone Soup version 0.32-a0-132-g2d33c3cfaf (webtiles) character file.

Game seed: 6168872426431373053

277 jasper the Magician (level 6, -2/36 HPs)
             Began as a Deep Elf Chaos Knight on Feb 9, 2024.
             Was a Plaything of Xom.
             Slain by a gnoll
             ... wielding a +0 spear of distortion
              (3 damage)
             ... on level 4 of the Dungeon.
             The game lasted 00:06:56 (4172 turns).

jasper the Magician (Deep Elf Chaos Knight)         Turns: 4172, Time: 00:06:57

Health: -2/36      AC:  6    Str:  7 (9)  XL:     6   Next: 4%
Magic:  9/14       EV: 11    Int: 19      God:    Xom [.*....]
Gold:   138        SH:  0    Dex: 10 (14) Spells: 5/13 levels left

rFire   x . .        f - +6 short sword
rCold   . . .        (no shield)
rNeg    . . .        b - +3 leather armour
rPois   .            (no helmet)
rElec   .            (no cloak)
rCorr   .            (no gloves)
SInv    .            (no boots)
Will    .....        (no amulet)
Stlth   +            (no ring)
HPRegen 0.26/turn    (no ring)
MPRegen 0.14/turn

%: no passive effects
@: very slightly contaminated
A: hooves 1, deterioration 2, heat vulnerability 1
a: Renounce Religion


You were on level 4 of the Dungeon.
You worshipped Xom.
You were a plaything of Xom.
You visited 1 branch of the dungeon, and saw 4 of its levels.

You collected 138 gold pieces.

Inventory:

Hand Weapons
 a - a +0 short sword of chaos
 f - a +6 short sword (weapon)
 h - a +2 dagger of draining
Missiles
 e - 45 stones
Armour
 b - a +3 leather armour (worn)
Jewellery
 d - a ring of protection from cold
Wands
 j - a wand of mindburst (13)
Scrolls
 c - a scroll of butterflies
 g - a scroll of immolation
 i - 6 scrolls of identify
 m - a scroll of fog
Potions
 k - 2 potions of curing {unknown}
 n - a potion of might {unknown}


   Skills:
 - Level 2.5 Fighting
 - Level 3.0 Short Blades
 - Level 0.7 Armour
 - Level 2.7 Dodging
 + Level 4.2 Spellcasting
 + Level 3.7 Conjurations
 - Level 3.0 Air Magic
 + Level 0.4 Alchemy


You had 5 spell levels left.
You knew the following spells:

 Your Spells              Type           Power      Damage    Failure   Level
a - Shock                 Conj/Air       64%        1d7       4%          1
b - Swiftness             Air            15%        N/A       17%         3
d - Fulminant Prism       Conj/Alch      5%         3d7       63%         4

Your spell library contained the following spells:

 Spells                   Type           Power      Damage    Failure   Level
 Magic Dart               Conj           72%        1d6       4%          1
 Searing Ray              Conj           36%        2d5       6%          2
 Airstrike                Air            7%         2d(2-18)  50%         4


Dungeon Overview and Level Annotations

Branches:
Dungeon (4/15)
 Temple: D:4-7

Altars:
Yredelemnul

Shops:
D:4 *

Annotations:
D:3 4 runed translucent doors, Crazy Yiuf; jfitz's ghost, amateur HOFi


Innate Abilities, Weirdness & Mutations

You have large cloven feet.
Your body often deteriorates upon taking damage.
You are vulnerable to heat. (rF-)


Message History

Casting: Fulminant Prism (astonishingly dangerous; 63% risk of failure)
Confirm with . or Enter, or press ? or * to list all spells.
Aiming: Fulminant Prism (astonishingly dangerous; 63% risk of failure)
Press: ? - help, Dir - move target You miscast Fulminant Prism.
Nothing appears to happen.
You feel very sick.
You take 3 damage, and have 29/36 hp.
You now have 6/14 mp.
You feel sick.
The gnoll throws a throwing net.
The throwing net hits you.
You become entangled in the net!
You see here a throwing net.
You take 2 damage, and have 27/36 hp.
You tear a large gash into the net.
You feel sick.
You take 1 damage, and have 26/36 hp.
You shred the net and break free!
You feel sick.
You take 1 damage, and have 25/36 hp.
You feel sick.
You take 1 damage, and have 24/36 hp.
You feel sick.
You take 1 damage, and have 23/36 hp.
You feel sick.
You feel sick.
You take 1 damage, and have 22/36 hp.
You feel sick.
You are no longer poisoned.
You take 1 damage, and have 21/36 hp.
The gnoll attacks as it pursues you! The gnoll hits you but does no damage.
The gnoll throws a throwing net.
The throwing net closely misses you. The gnoll attacks as it pursues you!
The gnoll hits you from afar with a +0 spear of distortion.
Your body deteriorates!
You feel weakened. Space warps horribly around you!
* * * LOW HITPOINT WARNING * * *
You take 18 damage, and have 6/36 hp.
MASSIVE DAMAGE!!
The gnoll attacks as it pursues you!
The gnoll hits you from afar with a +0 spear of distortion.
* * * LOW HITPOINT WARNING * * *
Your body deteriorates!
You feel clumsy. Space warps around you.
You die...
Xom roars with laughter!

#......#####'###'##
####...#<.....#...#
.. #...############
).. ##...# #
...########....#...
.........#†......#
....................
.......)...........#
..........@......#..
....................
.......(..g......###
##......g........#
.................#
###......g......##
##..)........##
####.#g###### ..
#.#..##


You could see 4 gnolls.

Vanquished Creatures
  A weeping skull (D:3)
  Terence (D:2)
  Robin (D:2)
  A gnoll (shapeshifter) (D:1)
  6 adders
  3 dart slugs
  An orc (D:3)
  7 bats
  4 endoplasms
  5 giant cockroaches
  19 goblins
  16 hobgoblins
  4 jackals (D:2)
  4 quokkas
  6 ball pythons
  7 kobolds
  5 rats
  A spectral orc (D:3)
92 creatures vanquished.

Vanquished Creatures (collateral kills)
  A goblin (D:1)
1 creature vanquished.

Grand Total: 93 creatures vanquished

Notes
Turn   | Place    | Note
-------+----------+-------------------------------------------
     0 | D:1      | jasper the Deep Elf Chaos Knight began the quest for the
                  | Orb.
     0 | D:1      | Reached XP level 1. HP: 13/13 MP: 3/3
    49 | D:1      | XOM: divination: detect items
    87 | D:1      | XOM: divination: detect creatures
   159 | D:1      | XOM: noise
   283 | D:1      | Learned a level 1 spell: Shock
   295 | D:1      | Reached skill level 1 in Spellcasting
   301 | D:1      | Reached XP level 2. HP: 16/18 MP: 5/5
   610 | D:1      | Reached skill level 1 in Conjurations
   683 | D:1      | a ball python changed into a glowing shapeshifter
   683 | D:1      | Noticed a glowing shapeshifter (glowing shapeshifter)
   683 | D:1      | XOM: polymorph ball python -> glowing shapeshifter
   683 | D:1      | a glowing shapeshifter changed into a dart slug
   685 | D:1      | a hobgoblin changed into a bombardier beetle
   685 | D:1      | Noticed a bombardier beetle (glowing shapeshifter)
   689 | D:1      | a bombardier beetle changed into a dart slug
   697 | D:1      | Reached skill level 2 in Spellcasting
   697 | D:1      | Reached skill level 1 in Air Magic
   697 | D:1      | Reached XP level 3. HP: 19/22 MP: 6/8
   701 | D:1      | Learned a level 3 spell: Swiftness
  1109 | D:2      | XOM: confusion (+ monsters)
  1281 | D:2      | Noticed Robin
  1297 | D:2      | Killed Robin
  1298 | D:2      | Reached XP level 4. HP: 24/27 MP: 4/9
  1313 | D:2      | XOM: chaos upgrade
  1336 | D:2      | Learned a level 4 spell: Airstrike
  1408 | D:2      | XOM: 4-stop teleportation journey
  1429 | D:2      | Reached skill level 3 in Spellcasting
  1504 | D:2      | Noticed Terence
  1525 | D:2      | Killed Terence
  1721 | D:2      | XOM is BORED!
  1721 | D:2      | XOM: summons 2 hostile demons
  2003 | D:2      | Reached XP level 5. HP: 31/31 MP: 7/12
  2076 | D:2      | XOM: 4-stop teleportation journey
  2537 | D:2      | XOM is BORED!
  2537 | D:2      | XOM: give mutations
  2537 | D:2      | Gained mutation: Your body sometimes deteriorates upon
                  | taking damage. [Xom's mischief]
  2537 | D:2      | Gained mutation: You have large cloven feet. [Xom's
                  | mischief]
  2537 | D:2      | Gained mutation: You are vulnerable to heat. (rF-) [Xom's
                  | mischief]
  2537 | D:2      | Gained mutation: Your body often deteriorates upon taking
                  | damage. [Xom's mischief]
  2628 | D:2      | XOM: noise
  3094 | D:3      | Found a runed translucent gate.
  3095 | D:3      | Found a runed translucent gate.
  3095 | D:3      | Found a runed translucent gate.
  3098 | D:3      | Noticed jfitz's ghost (amateur HOFi)
  3212 | D:3      | Found a faded altar of an unknown god.
  3316 | D:3      | XOM: 3-stop teleportation journey
  3383 | D:3      | Found a basalt altar of Yredelemnul.
  3394 | D:3      | Reached skill level 4 in Spellcasting
  3402 | D:3      | Learned a level 4 spell: Fulminant Prism
  3555 | D:3      | Reached XP level 6. HP: 36/36 MP: 8/14
  3624 | D:3      | XOM is BORED!
  3624 | D:3      | XOM: summons 4 hostile demons
  3685 | D:3      | XOM: summons 2 hostile demons
  3829 | D:3      | Found a runed translucent door.
  3830 | D:3      | Noticed Crazy Yiuf
  3978 | D:4      | XOM: stealth player
  3983 | D:4      | Found Ea-nāṣir's Fine Metal Goods.
  4067 | D:4      | XOM: silly message
  4070 | D:4      | XOM: give mutations
  4070 | D:4      | Gained mutation: You are dopey. (Int -2) [Xom's mischief]
  4070 | D:4      | Lost mutation: You are dopey. (Int -2) [Xom's mischief]
  4172 | D:4      | HP: 1/36 [gnoll/+0 spear of distortion (5)]
  4172 | D:4      | Slain by a gnoll

Illustrated notes

Levels and vault maps discovered:
D:1:      lemuel_arrival_broad_hall, layout_basic, minmay_surrounded
D:2:      layout_basic, uniq_robin, uniq_terence
D:3:      layout_rooms, yredelemnul_forgotten_temple_becter,
          ebering_ghost_rock_garden, basic_ecumenical_altar, minmay_quantized,
          uniq_crazy_yiuf_cottage
D:4:      layout_rooms, nemelex_diamond_rough_becter,
          nicolae_ea-nasir_strikes_again

Skill      XL: |  1  2  3  4  5 |
---------------+----------------+-----
Spellcasting   | 1 2 3 4 |  4.2
Conjurations   | 1 2 3 |  3.7
Air Magic      | 1 2 3 |  3.0
Fighting       | |  2.5
Short Blades   | |  3.0
Armour         | |  0.7
Dodging        | |  2.7
Alchemy        | |  0.4

Action                     |  1- 3 |  4- 6 || total
---------------------------+-------+-------++-------
  Melee: Short sword       |    88 |    41 ||   129
         Punch             |     2 |     1 ||     3
         Dagger            |    13 |       ||    13
         Kick              |       |     3 ||     3
   Cast: Shock             |    16 |   144 ||   160
    Use: Scroll            |     1 |     7 ||     8
         Potion            |       |     1 ||     1
   Stab: Sleeping          |     1 |     1 ||     2
 Armour: Leather armour    |    44 |    77 ||   121
  Dodge: Dodged            |    61 |    70 ||   131

Table legend: (Time is in decaauts)
 A = Elapsed time spent in this place.
 B = Non-inter-level travel time spent in this place.
 C = Inter-level travel time spent in this place.
 D = Time resting spent in this place.
 E = Time spent auto-exploring this place.
 F = Levels seen in this place.
 G = Mean time per level.
                   A        B        C        D        E       F      G
               +--------+--------+--------+--------+--------+-----+--------+
         Total |   4148 |   4068 |     80 |      0 |   3381 |   4 | 1037.0 |
       Dungeon |   4148 |   4068 |     80 |      0 |   3381 |   4 | 1037.0 |
               +--------+--------+--------+--------+--------+-----+--------+

Top non-repeatable levels by time:
     D:2: 1740 daAuts
     D:3: 1193 daAuts
     D:1: 1021 daAuts
     D:4: 193 daAuts
